 Dungeon Crawl Stone Soup version 0.29-a0-817-g9904bce7a6 (webtiles) character file.

Game seed: 7354767292331398546

1818 zeratav the Skirmisher (level 8, 0/37 HPs)
             Began as a Spriggan Hunter on July 5, 2022.
             Was an Initiate of Dithmenos.
             Succumbed to a killer bee's poison
             ... on level 6 of the Dungeon.
             The game lasted 00:11:35 (7874 turns).

zeratav the Skirmisher (Spriggan Hunter)            Turns: 7874, Time: 00:11:35

Health: 0/37       AC:  6    Str:  6 (7)  XL:     8   Next: 85%
Magic:  9/9        EV: 17    Int:  9 (11) God:    Dithmenos [......]
Gold:   1068       SH:  0    Dex: 18 (20) Spells: 7/7 levels left

rFire   . . .      SeeInvis +   a - +1 shortbow {bow}
rCold   + . .      Faith    .   (shield currently unavailable)
rNeg    . . .      Spirit   .   c - +0 robe
rPois   .          Reflect  .   (helmet restricted)
rElec   .          Harm     .   (no cloak)
rCorr   .          Rampage  .   (gloves unavailable)
Will    +....                   (boots unavailable)
Stlth   +++.......              (no amulet)
HPRegen 0.12/turn               l - ring of protection from cold
MPRegen 0.11/turn               y - +4 ring of protection

@: lethally poisoned (0 -> -3), very quick
A: very small, no large weapons, unfitting armour, see invisible, speed 3
a: Renounce Religion


You were on level 6 of the Dungeon.
You worshipped Dithmenos.
Dithmenos was noncommittal.
You visited 2 branches of the dungeon, and saw 8 of its levels.
You also visited: Sewer.

You collected 1068 gold pieces.


Innate Abilities, Weirdness & Mutations

You are very small and have problems with some larger weapons.
You are too small for most types of armour.
You have supernaturally acute eyesight. (SInv)
You cover ground extremely quickly. (Speed+++)


   Skills:
 - Level 1.5 Fighting
 + Level 11.7 Ranged Weapons
 - Level 2.6 Dodging
 - Level 5.0 Stealth


You had 7 spell levels left.
You didn't know any spells.
Your spell library contained the following spells:

 Spells                   Type           Power      Damage    Failure   Level
 Beastly Appendage        Tmut           0%         N/A       38%         1
 Blink                    Tloc           0%         N/A       52%         2
 Wereblood                Tmut           0%         N/A       52%         2
 Lesser Beckoning         Tloc           0%         N/A       77%         3
 Spider Form              Tmut/Pois      0%         N/A       77%         3
 Blade Hands              Tmut           0%         N/A       100%        5
 Irradiate                Conj/Tmut      0%         3d13      100%        5
 Manifold Assault         Tloc           0%         N/A       100%        5
 Dragon Form              Tmut           0%         N/A       100%        7

Inventory:

Hand Weapons
 a - a +1 shortbow (weapon) {bow}
Armour
 c - a +0 robe (worn)
Jewellery
 l - a ring of protection from cold (left hand)
   (You found it on level 3 of the Dungeon)
 r - a ring of magical power
   (You found it on level 3 of the Dungeon)
 y - a +4 ring of protection (right hand)
   (You found it on level 5 of the Dungeon)
Wands
 t - a wand of roots (12)
   (You took it off Grinder on level 4 of the Dungeon)
Scrolls
 b - 2 scrolls of immolation {!r!r}
 e - 3 scrolls of teleportation {@r4}
 g - a scroll of torment {!r}
 h - a scroll of fog
 j - a scroll of poison {!r}
 k - 2 scrolls of vulnerability {!r!r}
 m - a scroll of amnesia
Potions
 d - a potion of berserk rage {!q}
 f - 6 potions of degeneration {!q@e2}
 i - a potion of flight {unknown}
 n - 3 potions of heal wounds {unknown}
 o - a potion of ambrosia
 p - 3 potions of curing {unknown}
 u - a potion of attraction {unknown}
 v - a potion of might {unknown}
 x - a potion of haste {unknown}
 A - 2 potions of lignification {unknown}
 B - a potion of brilliance {unknown}

Dungeon Overview and Level Annotations

Branches:
Dungeon (7/15) Zot: 26396  Temple (1/1) D:6 Zot: 5985   Sewer (visited)

Altars:
Dithmenos
Elyvilon
Gozag
Hepliaklqana
Makhleb
Nemelex Xobeh
Okawaru
Qazlal
Ru
Sif Muna
Trog
Uskayaw
Vehumet
Wu Jian
Yredelemnul

Shops:
D:4

: ##### ### ##...###.##
#..#..#...# #.###...#.# ######
#.#.#####.# ######## #....#
#..#.##.#.#####
.......####....####.###.#...#....
..........'....y@##..#.####.#####
.......####....#.##.###.#...#
.......# #....#.##..#.#.#)##
.).....# ######.##.#########
...##### #.##.........#
...#############.####'###...#
...'...........#.##.....#...#
...###########....#.⌠.⌠.#...#
...# ##...'..>..'...#


You could see a killer bee.


Message History

Press: ? - help, Q - select action, (/) - cycle Shift-Dir - straight line, f/p - killer bee
Aim: a killer bee (moderately wounded, 45% to hit)
You shoot an arrow.
The arrow closely misses the killer bee.
The killer bee misses you.
The killer bee stings you but does no damage.
The killer bee misses you. The killer bee stings you.
HP[-5]
You take 5 damage, and now have 26/37 hp.
Fire: a) +1 shortbow {bow}
Press: ? - help, Q - select action, (/) - cycle Shift-Dir - straight line, f - killer bee, p - killer bee
Aim: a killer bee (45% to hit)
You shoot an arrow.
The arrow hits the killer bee but does no damage.
The killer bee closely misses you. The killer bee barely misses you.
The killer bee completely misses you. The killer bee stings you.
HP[-5]
You take 5 damage, and now have 21/37 hp.
Fire: a) +1 shortbow {bow}
Press: ? - help, Q - select action, (/) - cycle Shift-Dir - straight line, f/p - killer bee
Aim: a killer bee (45% to hit)
You shoot an arrow.
The arrow closely misses the killer bee.
The killer bee misses you. The killer bee barely misses you.
Fire: a) +1 shortbow {bow}
Press: ? - help, Q - select action, (/) - cycle Shift-Dir - straight line, f/p - killer bee
Aim: a killer bee (45% to hit)
You shoot an arrow.
The arrow hits the killer bee but does no damage.
The killer bee stings you.
* * * LOW HITPOINT WARNING * * *
You are poisoned.
The killer bee poisons you!
The killer bee stings you but does no damage.
The killer bee completely misses you. The killer bee barely misses you.
HP[-3]
You take 3 damage, and now have 18/37 hp.
Fire: a) +1 shortbow {bow}
Press: ? - help, Q - select action, (/) - cycle Shift-Dir - straight line, f/p - killer bee
Aim: a killer bee (45% to hit)
You shoot an arrow.
The arrow closely misses the killer bee.
You feel very sick. The killer bee completely misses you.
The killer bee barely misses you. x2
The killer bee stings you but does no damage.
HP[-3]
You take 3 damage, and now have 15/37 hp.
Fire: a) +1 shortbow {bow}
Press: ? - help, Q - select action, (/) - cycle Shift-Dir - straight line, f/p - killer bee
Aim: a killer bee (45% to hit)
You shoot an arrow. The arrow hits the killer bee!
You feel sick. The killer bee barely misses you. The killer bee misses you. x2
The killer bee stings you.
* * * LOW HITPOINT WARNING * * *
HP[-3]
You take 3 damage, and now have 12/37 hp.
Fire: a) +1 shortbow {bow}
Press: ? - help, Q - select action, (/) - cycle Shift-Dir - straight line, f/p - killer bee
Aim: a killer bee (heavily wounded, 45% to hit)
You shoot an arrow. The arrow barely misses the killer bee.
You feel sick. The killer bee misses you. x2
The killer bee closely misses you. The killer bee completely misses you.
HP[-2]
You take 2 damage, and now have 10/37 hp.
Fire: a) +1 shortbow {bow}
Press: ? - help, Q - select action, (/) - cycle Shift-Dir - straight line, f/p - killer bee
Aim: a killer bee (moderately wounded, 45% to hit)
You shoot an arrow. The arrow hits the killer bee!
You kill the killer bee!
Dithmenos accepts your kill.
You feel sick.
The killer bee stings you but does no damage.
HP[-1]
You take 1 damage, and now have 9/37 hp.
Fire: a) +1 shortbow {bow}
Press: ? - help, Q - select action, (/) - cycle Shift-Dir - straight line, f - killer bee
Aim: a killer bee (moderately wounded, 45% to hit)
You shoot an arrow. The arrow misses the killer bee.
You feel sick. The killer bee stings you.
* * * LOW HITPOINT WARNING * * *
The killer bee closely misses you.
HP[-4]
You take 4 damage, and now have 5/37 hp.
Fire: a) +1 shortbow {bow}
Press: ? - help, Q - select action, (/) - cycle Shift-Dir - straight line, f/p - killer bee
Aim: a killer bee (moderately wounded, 45% to hit)
You shoot an arrow. The arrow hits the killer bee!
You feel sick. The killer bee stings you.
* * * LOW HITPOINT WARNING * * *
The killer bee closely misses you.
HP[-4]
You take 4 damage, and now have 1/37 hp.
Fire: a) +1 shortbow {bow}
Press: ? - help, Q - select action, (/) - cycle Shift-Dir - straight line, f/p - killer bee
Aim: a killer bee (almost dead, 45% to hit)
Okay, then.
It was a potion of degeneration.
There was something very wrong with that liquid.
You feel weakened.
You feel dopey.
You feel clumsy.
You die...

Skill      XL: |  1  2  3  4  5  6  7  8 |
---------------+-------------------------+-----
Ranged Weapons | 5 6 7 8 10 11 | 11.7
Stealth        | 3 5 |  5.0
Fighting       | |  1.5
Dodging        | |  2.6

Action                   |  1- 3 |  4- 6 |  7- 9 || total
-------------------------+-------+-------+-------++-------
 Fire: Shortbow          |    96 |   117 |   221 ||   434
  Use: Scroll            |       |       |    10 ||    10
       Potion            |       |       |     2 ||     2
Armor: Robe              |     2 |     5 |     9 ||    16
Dodge: Dodged            |    21 |    35 |    95 ||   151

Levels and vault maps discovered:
D:1:      lightli_iron_boxes, layout_basic,
          shapermc_ecumenical_altar_mp_urbaneastern, minmay_misc_feat_diagonals
D:2:      layout_basic, kennysheep_decorative_pillar, chequers_mini_garden
D:3:      minmay_door_path, layout_basic, mainiacjoe_overflow_paths,
          corexii_hall_statues_i
D:4:      layout_loops_ring, kennysheep_little_box,
          mainiacjoe_overflow_cross_hatched, amethyst_killhole, st_stairs_14,
          roderic_filled_cross, kennysheep_windowed_goal, uniq_natasha,
          uniq_grinder, uniq_robin
D:5:      layout_rooms, cheibrodos_sewer_entry_bend, dk_vineyard_1,
          minmay_misc_feat_cross
D:6:      layout_basic, overflow_temple_1_default, minmay_temple_entry_hall,
          minmay_small_thing
D:7:      layout_rooms, old_standard_altar, tso_oasis_becter, enter_bailey_3,
          serial_rivers, chequers_serial_rivers_marsh,
          chequers_serial_rivers_micro_c, chequers_serial_rivers_large_b,
          chequers_serial_rivers_small_3, chequers_serial_rivers_small_a,
          chequers_serial_rivers_micro_d, uniq_joseph
Temple:   nicolae_temple_two_arcs

Notes
Turn   | Place    | Note
-------+----------+-------------------------------------------
     0 | D:1      | zeratav the Spriggan Hunter began the quest for the Orb.
     0 | D:1      | Reached XP level 1. HP: 10/10 MP: 2/2
     0 | D:1      | magus.rc [v1.9.6]
   149 | D:1      | You pick up a book of Changes and begin reading...
   149 | D:1      | You add the spells Beastly Appendage, Wereblood and Spider
                  | Form to your library.
   341 | D:1      | Reached XP level 2. HP: 8/14 MP: 3/3
   720 | D:1      | Found a faded altar of an unknown god.
  1235 | D:2      | Reached skill level 5 in Ranged Weapons
  1240 | D:2      | Reached XP level 3. HP: 18/18 MP: 4/4
  1819 | D:3      | Reached XP level 4. HP: 20/22 MP: 5/5
  1904 | D:3      | Found a burning altar of Makhleb.
  2309 | D:3      | Reached skill level 6 in Ranged Weapons
  2379 | D:3      | You pick up a book of Transfigurations {@e2} and begin
                  | reading...
  2379 | D:3      | You add the spells Irradiate, Blade Hands and Dragon Form
                  | to your library.
  2470 | D:3      | Noticed a centaur
  2478 | D:3      | Killed a centaur
  2479 | D:3      | Reached XP level 5. HP: 12/25 MP: 6/6
  2986 | D:3      | Identified the +1 ring mail "Duyd" {rCorr Int+3}
  3478 | D:4      | Noticed Grinder
  3495 | D:4      | Noticed Natasha
  3496 | D:4      | HP: 4/25 [Natasha/magic dart (5)]
  3497 | D:4      | Killed Grinder
  3498 | D:4      | Reached skill level 7 in Ranged Weapons
  3498 | D:4      | Reached XP level 6. HP: 6/30 MP: 7/7
  3781 | D:4      | Reached skill level 8 in Ranged Weapons
  3807 | D:4      | Killed Natasha
  3846 | D:4      | Noticed Robin
  3854 | D:4      | Killed Robin
  3948 | D:4      | You pick up a book of Spatial Translocations and begin
                  | reading...
  3948 | D:4      | You add the spells Blink, Lesser Beckoning and Manifold
                  | Assault to your library.
  3992 | D:4      | Noticed Natasha
  3995 | D:4      | Killed Natasha
  4020 | D:4      | Found a hazy altar of Hepliaklqana.
  4040 | D:4      | Reached XP level 7. HP: 33/33 MP: 8/8
  4270 | D:4      | Noticed Natasha
  4277 | D:4      | Killed Natasha
  4446 | D:4      | Found a white marble altar of Elyvilon.
  4457 | D:4      | Reached skill level 9 in Ranged Weapons
  4567 | D:4      | Found Jagun's Book Boutique.
  4974 | D:5      | Entered Level 5 of the Dungeon
  5389 | D:5      | Found a glowing drain.
  5401 | Sewer    | Entered a sewer
  5442 | Sewer    | Reached skill level 10 in Ranged Weapons
  5442 | Sewer    | Reached skill level 3 in Stealth
  5494 | D:5      | Reached XP level 8. HP: 37/37 MP: 9/9
  5506 | D:5      | Reached skill level 4 in Stealth
  5903 | D:5      | Identified a scroll of acquirement
  5903 | D:5      | Acquired 754 gold pieces
  6168 | D:6      | Reached skill level 5 in Stealth
  6360 | D:6      | Found an iron altar of Okawaru.
  6668 | D:6      | Found a staircase to the Ecumenical Temple.
  6674 | Temple   | Entered the Ecumenical Temple
  6686 | Temple   | Became a worshipper of Dithmenos the Shadowed
  7122 | D:7      | HP: 9/37 [wyvern (16)]
  7125 | D:7      | Reached skill level 11 in Ranged Weapons
  7871 | D:6      | HP: 9/37 [poisoned by a killer bee]
  7873 | D:6      | HP: 1/37 [killer bee (4)]
  7874 | D:6      | Succumbed to a killer bee's poison

Vanquished Creatures
  Grinder (D:4)
  2 wyverns
  A water moccasin (Sewer)
  An orc warrior (D:6)
  An ogre (D:6)
  2 centaurs
  A necrophage (D:6)
  2 scorpions
  2 killer bees (D:6)
  2 hounds (D:5)
  An orc priest (D:5)
  A gnoll bouda (D:6)
  4 iguanas (D:4)
  Natasha (thrice) (D:4)
  3 orc wizards
  Robin (D:4)
  7 gnolls
  4 adders
  2 worms
  2 dart slugs (D:2)
  16 orcs
  18 endoplasms
  2 giant cockroaches
  12 goblins
  10 hobgoblins
  4 kobolds
  8 quokkas
  10 ball pythons
  11 bats
  2 frilled lizards (D:3)
  3 rats (D:1)
139 creatures vanquished.

Table legend:
 A = Non-vault XP
 B = Vault XP
 C = Vault XP percentage of total XP
 D = Non-vault monster count
 E = Vault monster count
 F = Vault count percentage of total count
                 A         B        C        D         E       F
            +---------+---------+-------+---------+---------+-------
      Total |    1840 |     758 |  29.2 |     108 |      31 |  22.3
            +---------+---------+-------+---------+---------+-------
        D:1 |      36 |       0 |   0.0 |      21 |       0 |   0.0
        D:2 |      51 |       0 |   0.0 |      23 |       0 |   0.0
        D:3 |     161 |      21 |  11.5 |      19 |       4 |  17.4
        D:4 |     282 |     435 |  60.7 |      14 |      19 |  57.6
        D:5 |     384 |       5 |   1.3 |      12 |       1 |   7.7
        D:6 |     721 |     133 |  15.6 |      18 |       1 |   5.3
        D:7 |     205 |       0 |   0.0 |       1 |       0 |   0.0
      Sewer |       0 |     164 | 100.0 |       0 |       6 | 100.0
            +---------+---------+-------+---------+---------+-------

Illustrated notes

Table legend:
 A = Kills in this place as a percentage of kills in entire the game.
 B = Kills by you in this place as a percentage of kills by you in the entire game.
 C = Kills by friends in this place as a percentage of kills by friends in the entire game.
 D = Other kills in this place as a percentage of other kills in the entire game.
 E = Experience gained in this place as a percentage of experience gained in the entire game.
 F = Experience gained in this place divided by the number of levels of this place that you have seen.
                   A       B       C       D       E      F
               +-------+-------+-------+-------+-------+----------------------
         Total | 100.0 | 100.0 |   N/A |   N/A | 100.0 | 288.7
       Dungeon |  95.7 |  95.7 |   N/A |   N/A |  93.7 | 347.7
         Sewer |   4.3 |   4.3 |   N/A |   N/A |   6.3 | 164.0
               +-------+-------+-------+-------+-------+----------------------

Table legend: (Time is in decaauts)
 A = Elapsed time spent in this place.
 B = Non-inter-level travel time spent in this place.
 C = Inter-level travel time spent in this place.
 D = Time resting spent in this place.
 E = Time spent auto-exploring this place.
 F = Levels seen in this place.
 G = Mean time per level.
                   A        B        C        D        E       F      G
               +--------+--------+--------+--------+--------+-----+--------+
         Total |   5874 |   5674 |    200 |   1165 |   3409 |   9 |  652.7 |
       Dungeon |   5798 |   5607 |    191 |   1165 |   3367 |   7 |  828.3 |
        Temple |     14 |      5 |      9 |      0 |      2 |   1 |   14.0 |
         Sewer |     61 |     61 |      0 |      0 |     39 |   1 |   61.0 |
               +--------+--------+--------+--------+--------+-----+--------+

Top non-repeatable levels by time:
     D:6: 1369 daAuts
     D:3: 1347 daAuts
     D:4: 1109 daAuts
     D:1: 845 daAuts
     D:5: 642 daAuts
     D:2: 465 daAuts
   Sewer: 61 daAuts
     D:7: 19 daAuts
  Temple: 14 daAuts
